 Dungeon Crawl Stone Soup version 0.30-a0-341-g682706514a (webtiles) character file.

Game seed: 7104701693524246579

2317 koil the Covert (level 9, 0/46 HPs)
             Began as a Spriggan Brigand on Nov 2, 2022.
             Was a Follower of Wu Jian.
             Killed from afar by an acid dragon (21 damage)
             ... with a splash of acid
             ... on level 6 of the Dungeon.
             The game lasted 00:23:30 (7342 turns).

koil the Covert (Spriggan Brigand)                  Turns: 7342, Time: 00:23:31

Health: 0/46       AC:  6    Str:  7    XL:     9   Next: 18%
Magic:  19/19      EV: 23    Int: 23    God:    Wu Jian [*.....]
Gold:   249        SH:  0    Dex: 23    Spells: 20/20 levels left

rFire   . . .      SeeInvis +    a - +3 dagger
rCold   . . .      Faith    .    (no shield)
rNeg    . . .      Spirit   .    b - +1 swamp dragon scales of Complete Protection {rPois Dex+7 Stlth+}
rPois   +          Reflect  .    (helmet restricted)
rElec   .          Harm     .    c - +1 cloak
rCorr   .          Rampage  .    (gloves unavailable)
Will    +....                    (boots unavailable)
Stlth   +++++.....               w - amulet of regeneration
HPRegen 1.07/turn                r - ring "Wumno" {Fly Int+6}
MPRegen 0.16/turn                B - +4 ring of evasion

@: corroded, flying, very quick
A: very small, no large weapons, unfitting armour, see invisible, speed 3
a: Renounce Religion


You were on level 6 of the Dungeon.
You worshipped Wu Jian.
Wu Jian was aware of your devotion.
You visited 2 branches of the dungeon, and saw 7 of its levels.
You also visited: Sewer.

You collected 249 gold pieces.

Inventory:

Hand Weapons
 a - a +3 dagger (weapon)
 A - a +0 vorpal shortbow
Missiles
 d - 7 poisoned darts (quivered)
 e - 3 curare-tipped darts
 j - 6 datura-tipped darts
Armour
 b - the +1 swamp dragon scales of Complete Protection (worn) {rPois Dex+7 Stlth+}
   (You acquired it in the Ecumenical Temple)

   Dex:       It affects your dexterity (+7).
   rPois:     It protects you from poison.
   Stlth:     It makes you more stealthy.
 c - a +1 cloak (worn)
 k - a +0 robe
 m - a +2 buckler
Jewellery
 n - a ring of wizardry
 r - the ring "Wumno" (left hand) {Fly Int+6}
   (You acquired it on level 6 of the Dungeon)

   [ring of intelligence]

   Int:       It affects your intelligence (+6).
   Fly:       It grants you flight.
 w - an amulet of regeneration (around neck)
 x - a ring of protection from fire
 z - an amulet of reflection
 B - a +4 ring of evasion (right hand)
Wands
 p - a wand of polymorph (6)
 q - a wand of flame (12)
 u - a wand of charming (4)
Scrolls
 i - a scroll of teleportation
 s - 2 scrolls of vulnerability
 t - a scroll of blinking
 y - a scroll of identify
Potions
 f - 4 potions of curing
 g - 5 potions of brilliance
 h - 2 potions of berserk rage
 l - a potion of heal wounds
 o - a potion of ambrosia {unknown}
 v - a potion of haste
 C - a potion of might {unknown}


   Skills:
 + Level 4.7 Fighting
 + Level 6.3 Short Blades
 - Level 2.0 Throwing
 + Level 7.1 Dodging
 - Level 8.0 Stealth
 + Level 6.4 Spellcasting
 - Level 5.0 Hexes


You had 20 spell levels left.
You didn't know any spells.
Your spell library contained the following spells:

 Spells                   Type           Power      Damage    Failure   Level
 Blink                    Tloc           14%        N/A       41%         2
 Momentum Strike          Conj/Tloc      14%        3d8       41%         2
 Lesser Beckoning         Tloc           14%        N/A       65%         3


Dungeon Overview and Level Annotations

Branches:
Dungeon (6/15)             Temple (1/1) D:4           Sewer (visited)

Altars:
Ashenzari
Cheibriados
Dithmenos
Elyvilon
Gozag
Hepliaklqana
Kikubaaqudgha
Makhleb
Nemelex Xobeh
Qazlal
Ru
Sif Muna
Trog
Uskayaw
Vehumet
Wu Jian
Xom
Yredelemnul
Zin
The Shining One


Innate Abilities, Weirdness & Mutations

You are very small and have problems with some larger weapons.
You are too small for most types of armour.
You have supernaturally acute eyesight. (SInv)
You cover ground extremely quickly. (Speed+++)


Message History

Press: ? - help, Q - select action, (/) - cycle Shift-Dir - straight line, f/p - acid dragon
Aim: an acid dragon (poisoned, 66% to hit)
You throw a poisoned dart. The poisoned dart hits the acid dragon.
The acid dragon spits acid at you. The splash of acid hits you!
The acid corrodes you!
You see here a +0 giant spiked club.
Throw: 8 darts (poison)
Press: ? - help, Q - select action, (/) - cycle Shift-Dir - straight line, f/p - acid dragon
Aim: an acid dragon (lightly wounded, poisoned, 66% to hit)
You throw a poisoned dart. The poisoned dart hits the acid dragon.
The acid dragon is lightly wounded.
You hit the acid dragon.
The acid dragon is moderately wounded.
You hit the acid dragon but do no damage.
The acid dragon is moderately wounded.
The acid dragon closely misses you. The acid dragon completely misses you.
You closely miss the acid dragon.
The acid dragon is moderately wounded.
The acid dragon spits acid at you. The splash of acid hits you!
You hit the acid dragon.
The acid dragon is heavily wounded.
You hit the acid dragon but do no damage.
The acid dragon is heavily wounded.
The acid dragon completely misses you.
The acid dragon claws you but does no damage.
You hit the acid dragon.
The acid dragon is heavily wounded.
The acid dragon looks more healthy.
The acid dragon misses you. The acid dragon closely misses you.
You hit the acid dragon.
The acid dragon is severely wounded.
The acid dragon misses you. The acid dragon claws you.
You hit the acid dragon but do no damage.
The acid dragon is severely wounded.
You hit the acid dragon but do no damage.
The acid dragon is severely wounded.
The acid dragon spits acid at you. The splash of acid hits you!!
You die...

####.#..######..'.....#.D.#
.....#..........#.....#...#
###..#........#.#######...#
#...........#..#...#....#
#..#........##.##.##.#..#
#..#...#######..#'#(.#..#######
###..#...#### #s(..D............
............# #D##....#.##...###
######.####.# #@###...#......#
####.####.####.###.<.###....###
#...........##...#.............
###.....##.##.####.###.#.#....###
#........#.........# #.#........#
#.#......#.........# #.###...##.#
..#......#.........# #.#.........
..#......#.........###.#.#.......
..######.#.............#.#..)....


You could see an acid dragon (catching breath) and a scorpion.

Vanquished Creatures
  Grinder (D:5)
  A water moccasin (Sewer)
  2 ice beasts
  4 ogres
  A centaur (D:6)
  2 phantoms (D:6)
  A kobold brigand (D:6)
  2 bullfrogs (D:6)
  4 scorpions
  4 killer bees
  2 howler monkeys (D:6)
  3 hounds (D:6)
  2 jellies (D:6)
  An orc priest (D:6)
  3 iguanas
  An orc wizard (D:6)
  Natasha (thrice) (D:2)
  8 adders
  A white imp (D:5)
  3 ufetubi
  A worm (D:3)
  4 dart slugs
  9 orcs
  5 ball pythons
  9 endoplasms
  4 giant cockroaches
  14 goblins
  11 hobgoblins
  4 jackals (D:1)
  3 kobolds (D:2)
  8 quokkas
  18 bats
  2 frilled lizards (D:1)
  3 rats
144 creatures vanquished.

Notes
Turn   | Place    | Note
-------+----------+-------------------------------------------
     0 | D:1      | koil the Spriggan Brigand began the quest for the Orb.
     0 | D:1      | Reached XP level 1. HP: 10/10 MP: 2/2
   271 | D:1      | Reached skill level 6 in Stealth
   271 | D:1      | Reached XP level 2. HP: 15/15 MP: 3/3
   368 | D:1      | Reached skill level 1 in Hexes
   427 | D:1      | Reached skill level 1 in Spellcasting
   478 | D:1      | Reached XP level 3. HP: 18/18 MP: 5/5
  1007 | D:2      | Found a stormy altar of Qazlal.
  1260 | D:2      | Found a faded altar of an unknown god.
  1410 | D:2      | Noticed Natasha
  1416 | D:2      | Killed Natasha
  1417 | D:2      | Reached XP level 4. HP: 23/23 MP: 7/7
  1805 | D:2      | Found a faded altar of an unknown god.
  1978 | D:2      | Noticed Natasha
  1993 | D:2      | Killed Natasha
  2163 | D:2      | Noticed Natasha
  2176 | D:2      | Killed Natasha
  2177 | D:2      | Reached XP level 5. HP: 10/26 MP: 7/9
  2293 | D:2      | Found a stormy altar of Qazlal.
  3303 | D:4      | Found a staircase to the Ecumenical Temple.
  3336 | D:4      | Identified the +8 dagger of the Sheltering Gods {pain, rF-
                  | Str+5}
  3369 | D:4      | Found a glowing drain.
  3429 | Sewer    | Entered a sewer
  3466 | Sewer    | Noticed a water moccasin
  3489 | Sewer    | Killed a water moccasin
  3490 | Sewer    | Reached skill level 7 in Stealth
  3490 | Sewer    | Reached XP level 6. HP: 26/32 MP: 9/11
  4116 | Temple   | Entered the Ecumenical Temple
  4542 | Temple   | Became a worshipper of the Wu Jian Council
  4606 | Temple   | Identified a scroll of acquirement
  4628 | Temple   | Acquired the +1 swamp dragon scales of Complete Protection
                  | {rPois Dex+7 Stlth+}
  4683 | D:5      | Entered Level 5 of the Dungeon
  5092 | D:5      | Noticed Grinder
  5105 | D:5      | Paralysed by Grinder for 4 turns
  5122 | D:5      | Noticed an ice beast
  5141 | D:5      | Paralysed by Grinder for 2 turns
  5312 | D:5      | Paralysed by Grinder for 5 turns
  5411 | D:5      | Reached XP level 7. HP: 35/35 MP: 11/13
  5446 | D:5      | Paralysed by Grinder for 2 turns
  5513 | D:5      | Killed Grinder
  5642 | D:5      | Reached skill level 8 in Stealth
  5796 | D:5      | Reached skill level 5 in Dodging
  5796 | D:5      | Reached XP level 8. HP: 35/40 MP: 15/15
  6221 | D:6      | Reached skill level 5 in Short Blades
  6307 | D:6      | Reached skill level 5 in Spellcasting
  6307 | D:6      | Reached * piety under Wu Jian
  6391 | D:6      | Reached skill level 5 in Hexes
  6657 | D:6      | Acquired the ring "Wumno" {Fly Int+6}
  6957 | D:6      | Reached XP level 9. HP: 38/46 MP: 19/19
  7342 | D:6      | Killed from afar by an acid dragon

Illustrated notes

Levels and vault maps discovered:
D:1:      dpeg_arrival_circle_labyrinth_a, layout_basic, minmay_close_crescents
D:2:      layout_basic, basic_altar, hellmonk_ecumenical_altar_prayer_group,
          nicolae_figureground_sparkle, uniq_natasha
D:3:      layout_basic, grunt_ministairs_5, kennysheep_boxes
D:4:      nicolae_cairo_tiling_large, layout_loops_ring, temple_pool_b,
          gup_sewer_entry_pipe
D:5:      layout_basic, st_stairs_4, roderic_roman_lattice,
          minmay_misc_feat_secret_circle, patterned_corridor, uniq_grinder
D:6:      layout_basic, minmay_divided_ellipse
Temple:   mainiacjoe_temple_big_plus

Skill      XL: |  1  2  3  4  5  6  7  8  9 |
---------------+----------------------------+-----
Stealth        | 6 7 8 |  8.0
Hexes          | 1 2 3 4 5 |  5.0
Spellcasting   | 1 2 3 4 6 |  6.4
Dodging        | 2 3 4 5 6 7 |  7.1
Fighting       | 2 3 4 |  4.7
Short Blades   | 3 4 6 |  6.3
Throwing       | |  2.0

Action                   |  1- 3 |  4- 6 |  7- 9 || total
-------------------------+-------+-------+-------++-------
Melee: Dagger            |   160 |   295 |   304 ||   759
       Punch             |       |     6 |     3 ||     9
Throw: Dart              |       |    20 |    24 ||    44
Invok: Lunge             |       |     3 |    15 ||    18
       Whirlwind         |       |       |     4 ||     4
  Use: Potion            |       |     1 |       ||     1
       Scroll            |       |    12 |     9 ||    21
 Stab: Sleeping          |    19 |    16 |     9 ||    44
       Distracted        |       |     1 |       ||     1
Armor: Robe              |    19 |    24 |       ||    43
       Swamp dragon scal |       |    14 |    61 ||    75
Dodge: Dodged            |   107 |   219 |   221 ||   547

Table legend: (Time is in decaauts)
 A = Elapsed time spent in this place.
 B = Non-inter-level travel time spent in this place.
 C = Inter-level travel time spent in this place.
 D = Time resting spent in this place.
 E = Time spent auto-exploring this place.
 F = Levels seen in this place.
 G = Mean time per level.
                   A        B        C        D        E       F      G
               +--------+--------+--------+--------+--------+-----+--------+
         Total |   5104 |   5000 |    104 |    459 |   3055 |   8 |  638.0 |
       Dungeon |   4654 |   4584 |     70 |    459 |   2818 |   6 |  775.7 |
        Temple |    369 |    336 |     33 |      0 |    237 |   1 |  369.0 |
         Sewer |     80 |     80 |      0 |      0 |      0 |   1 |   80.0 |
               +--------+--------+--------+--------+--------+-----+--------+

Top non-repeatable levels by time:
     D:5: 1060 daAuts
     D:2: 898 daAuts
     D:6: 852 daAuts
     D:1: 656 daAuts
     D:3: 652 daAuts
     D:4: 534 daAuts
  Temple: 369 daAuts
   Sewer: 80 daAuts
